[ AOE2 MATCH · #507247786 ]
UnrankedPortuguese vs Persians
Player's team · LOSS
Rival team · WIN
[ REPLAY ANALYSIS · EXTRACTED FROM THE RECORDED GAME ]
Feudal
11:17
Castle
16:23
Imperial
—
| APM avg | 39.8 |
| APM peak | 86 |
| eAPM avg | 16.0 |
| Villagers / military | 52 / 29 |
Focus
⚔️ 36.9% · 🌾 63.1%
Organ Gun ×19 · Monk ×10
Feudal
13:14
Castle
16:40
Imperial
—
| APM avg | 28.0 |
| APM peak | 52 |
| eAPM avg | 15.9 |
| Villagers / military | 79 / 85 |
Focus
⚔️ 32.5% · 🌾 67.5%
Knight ×53 · Battering Ram ×22 · Militia ×5 · Mangonel ×4 · Monk ×1
Match map
Initial resources + every placement click. Lines = walls · curves = elevation contours. ◆ gold · ⬟ stone · ● berries · ✦ relic · ◌ wall gap
Your base· Open — unwalled flank
帝国的铁汉's base· Open — unwalled flank
Smoothed initial terrain · ◌ = detected wall gap · hover for details
Inputs per minute
— IWUDJA - - 帝国的铁汉
Build order — IWUDJA
First 150 of 157 actions detected
| 0:00 | Queue | Villager (Male) |
| 0:00 | Queue | Villager (Male) |
| 0:01 | Queue | Villager (Male) |
| 0:02 | Build | House |
| 0:02 | Build | House |
| 0:07 | Queue | Villager (Male) |
| 0:07 | Queue | Villager (Male) |
| 1:29 | Queue | Villager (Male) |
| 1:29 | Queue | Villager (Male) |
| 2:13 | Build | House |
| 2:17 | Queue | Villager (Male) |
| 2:18 | Queue | Villager (Male) |
| 2:18 | Queue | Villager (Male) |
| 2:41 | Build | Lumber Camp |
| 2:48 | Queue | Villager (Male) |
| 2:48 | Queue | Villager (Male) |
| 3:02 | Queue | Villager (Male) |
| 3:20 | Queue | Villager (Male) |
| 3:20 | Queue | Villager (Male) |
| 3:38 | Build | House |
| 3:40 | Build | House |
| 4:02 | Queue | Villager (Male) |
| 4:07 | Queue | Villager (Male) |
| 4:07 | Queue | Villager (Male) |
| 4:43 | Build | Palisade Wall |
| 4:52 | Queue | Villager (Male) |
| 4:53 | Queue | Villager (Male) |
| 4:56 | Build | Palisade Wall |
| 5:09 | Build | Mill |
| 5:27 | Queue | Villager (Male) |
| 5:35 | Build | Palisade Wall |
| 5:43 | Queue | Villager (Male) |
| 5:52 | Build | Palisade Wall |
| 5:54 | Build | Palisade Wall |
| 6:05 | Queue | Villager (Male) |
| 6:11 | Build | Palisade Wall |
| 6:24 | Queue | Villager (Male) |
| 7:03 | Queue | Villager (Male) |
| 7:03 | Queue | Villager (Male) |
| 7:04 | Queue | Villager (Male) |
| 7:29 | Build | Mining Camp |
| 7:31 | Build | Palisade Wall |
| 7:33 | Build | Palisade Wall |
| 7:35 | Build | Palisade Wall |
| 7:35 | Build | Palisade Wall |
| 7:36 | Build | Palisade Wall |
| 7:37 | Build | Palisade Wall |
| 8:04 | Research | Loom |
| 8:42 | Queue | Villager (Male) |
| 9:05 | Research | Feudal Age |
| 10:08 | Build | Farm |
| 11:03 | Build | Farm |
| 11:06 | Build | Palisade Wall |
| 11:08 | Build | Palisade Wall |
| 11:12 | Build | House |
| 11:17 | Age | Feudal Age |
| 11:24 | Queue | Villager (Male) |
| 11:24 | Queue | Villager (Male) |
| 11:36 | Build | Watch Tower |
| 11:45 | Build | Blacksmith |
| 11:51 | Build | Market |
| 12:08 | Build | House |
| 12:14 | Build | Palisade Wall |
| 12:35 | Build | Palisade Wall |
| 13:22 | Build | Palisade Wall |
| 13:24 | Build | Palisade Wall |
| 13:43 | Research | Castle Age |
| 14:00 | Build | Palisade Wall |
| 14:08 | Build | Palisade Wall |
| 16:23 | Age | Castle Age |
| 16:31 | Queue | Villager (Male) |
| 17:01 | Build | Mining Camp |
| 17:13 | Build | Castle |
| 17:30 | Build | Palisade Gate |
| 17:34 | Build | Palisade Gate |
| 17:36 | Build | Palisade Wall |
| 17:40 | Build | Palisade Wall |
| 17:57 | Build | Farm |
| 18:05 | Build | Farm |
| 18:31 | Build | Mining Camp |
| 18:39 | Build | House |
| 18:45 | Build | House |
| 18:47 | Build | Palisade Wall |
| 18:55 | Queue | Organ Gun |
| 18:55 | Queue | Organ Gun |
| 18:56 | Queue | Organ Gun |
| 18:57 | Build | Palisade Wall |
| 18:59 | Build | Palisade Wall |
| 19:31 | Queue | Villager (Male) |
| 19:52 | Queue | Organ Gun |
| 19:52 | Queue | Organ Gun |
| 20:27 | Build | Palisade Wall |
| 20:58 | Queue | Villager (Male) |
| 21:06 | Build | Monastery |
| 21:24 | Queue | Villager (Male) |
| 21:24 | Queue | Villager (Male) |
| 21:36 | Build | House |
| 21:37 | Build | Palisade Wall |
| 21:46 | Queue | Organ Gun |
| 21:46 | Queue | Organ Gun |
| 21:46 | Queue | Organ Gun |
| 21:56 | Queue | Monk |
| 22:19 | Research | Sanctity |
| 23:29 | Queue | Organ Gun |
| 23:29 | Queue | Organ Gun |
| 24:07 | Queue | Monk |
| 24:07 | Queue | Monk |
| 24:11 | Build | House |
| 25:27 | Research | Redemption |
| 25:57 | Queue | Villager (Male) |
| 26:13 | Queue | Organ Gun |
| 27:18 | Queue | Monk |
| 27:18 | Queue | Monk |
| 27:18 | Queue | Monk |
| 28:04 | Queue | Organ Gun |
| 28:04 | Queue | Organ Gun |
| 29:33 | Queue | Monk |
| 29:36 | Queue | Organ Gun |
| 29:36 | Queue | Organ Gun |
| 30:38 | Queue | Monk |
| 30:44 | Queue | Organ Gun |
| 30:44 | Queue | Organ Gun |
| 31:11 | Queue | Monk |
| 31:35 | Queue | Villager (Male) |
| 31:35 | Queue | Villager (Male) |
| 31:54 | Queue | Villager (Male) |
| 31:55 | Queue | Villager (Male) |
| 32:13 | Queue | Organ Gun |
| 32:13 | Queue | Organ Gun |
| 33:45 | Research | Fletching |
| 34:09 | Build | Farm |
| 34:11 | Queue | Villager (Male) |
| 34:25 | Build | House |
| 35:13 | Build | Mining Camp |
| 35:17 | Build | Farm |
| 35:37 | Queue | Villager (Male) |
| 35:38 | Queue | Villager (Male) |
| 35:39 | Queue | Villager (Male) |
| 37:14 | Queue | Villager (Male) |
| 37:14 | Queue | Villager (Male) |
| 37:50 | Queue | Villager (Male) |
| 37:51 | Queue | Villager (Male) |
| 37:56 | Build | House |
| 37:57 | Build | House |
| 37:58 | Build | House |
| 38:12 | Research | Fervor |
| 38:18 | Build | House |
| 38:18 | Build | House |
| 38:23 | Research | Town Watch |
| 38:58 | Queue | Villager (Male) |
Build order — 帝国的铁汉
First 150 of 248 actions detected
| 0:02 | Build | House |
| 0:03 | Build | House |
| 0:04 | Queue | Villager (Male) |
| 0:04 | Queue | Villager (Male) |
| 0:09 | Queue | Villager (Male) |
| 0:09 | Queue | Villager (Male) |
| 0:09 | Queue | Villager (Male) |
| 1:20 | Build | Lumber Camp |
| 1:33 | Queue | Villager (Male) |
| 1:33 | Queue | Villager (Male) |
| 2:25 | Queue | Villager (Male) |
| 2:25 | Queue | Villager (Male) |
| 2:25 | Queue | Villager (Male) |
| 2:58 | Queue | Villager (Male) |
| 3:13 | Build | House |
| 3:15 | Build | House |
| 3:37 | Queue | Villager (Male) |
| 3:37 | Queue | Villager (Male) |
| 3:58 | Queue | Villager (Male) |
| 4:32 | Build | Barracks |
| 4:38 | Queue | Villager (Male) |
| 5:09 | Queue | Villager (Male) |
| 5:18 | Build | Mill |
| 5:25 | Build | House |
| 5:26 | Queue | Militia |
| 5:26 | Queue | Militia |
| 5:33 | Queue | Villager (Male) |
| 5:49 | Queue | Militia |
| 5:56 | Build | House |
| 6:12 | Queue | Villager (Male) |
| 6:20 | Build | House |
| 6:21 | Build | House |
| 6:38 | Queue | Villager (Male) |
| 6:52 | Build | Farm |
| 6:55 | Build | Farm |
| 7:03 | Queue | Villager (Male) |
| 7:12 | Build | Farm |
| 7:13 | Queue | Villager (Male) |
| 7:16 | Queue | Militia |
| 7:29 | Queue | Villager (Male) |
| 7:45 | Queue | Villager (Male) |
| 8:08 | Queue | Villager (Male) |
| 8:24 | Queue | Villager (Male) |
| 8:40 | Queue | Villager (Male) |
| 8:44 | Build | Mining Camp |
| 8:52 | Queue | Militia |
| 8:58 | Queue | Villager (Male) |
| 9:01 | Build | Farm |
| 9:10 | Build | Farm |
| 9:25 | Queue | Villager (Male) |
| 9:42 | Queue | Villager (Male) |
| 9:46 | Queue | Villager (Male) |
| 9:49 | Build | Farm |
| 10:06 | Build | Farm |
| 10:22 | Research | Loom |
| 10:55 | Build | Farm |
| 11:10 | Research | Feudal Age |
| 11:24 | Build | Farm |
| 11:26 | Build | Farm |
| 13:07 | Queue | Villager (Male) |
| 13:08 | Queue | Villager (Male) |
| 13:14 | Age | Feudal Age |
| 13:33 | Build | Stable |
| 13:40 | Build | Blacksmith |
| 14:15 | Research | Castle Age |
| 14:32 | Build | Watch Tower |
| 14:34 | Build | Palisade Wall |
| 14:37 | Build | Palisade Wall |
| 14:47 | Build | Farm |
| 14:50 | Build | Farm |
| 14:56 | Build | Palisade Wall |
| 15:10 | Build | Watch Tower |
| 15:21 | Build | Mining Camp |
| 15:29 | Build | Palisade Wall |
| 15:35 | Build | House |
| 15:59 | Build | Watch Tower |
| 16:06 | Queue | Villager (Male) |
| 16:18 | Queue | Villager (Male) |
| 16:40 | Age | Castle Age |
| 16:42 | Build | Siege Workshop |
| 16:43 | Queue | Knight |
| 16:59 | Queue | Knight |
| 17:03 | Queue | Villager (Male) |
| 17:19 | Queue | Battering Ram |
| 17:55 | Queue | Knight |
| 18:09 | Queue | Knight |
| 18:17 | Queue | Villager (Male) |
| 18:22 | Queue | Villager (Male) |
| 18:31 | Queue | Knight |
| 18:42 | Queue | Knight |
| 19:03 | Queue | Battering Ram |
| 19:07 | Queue | Villager (Male) |
| 19:26 | Queue | Battering Ram |
| 19:53 | Queue | Knight |
| 20:02 | Queue | Villager (Male) |
| 20:22 | Queue | Villager (Male) |
| 20:37 | Queue | Mangonel |
| 20:38 | Queue | Villager (Male) |
| 20:40 | Build | House |
| 20:43 | Build | House |
| 21:12 | Queue | Villager (Male) |
| 21:24 | Queue | Villager (Male) |
| 21:29 | Queue | Villager (Male) |
| 21:37 | Queue | Villager (Male) |
| 21:39 | Build | House |
| 21:39 | Build | House |
| 21:41 | Queue | Battering Ram |
| 22:11 | Queue | Villager (Male) |
| 22:14 | Queue | Villager (Male) |
| 22:16 | Research | Scale Barding Armor |
| 23:09 | Queue | Mangonel |
| 23:21 | Queue | Villager (Male) |
| 23:21 | Queue | Villager (Male) |
| 23:25 | Build | House |
| 23:26 | Build | House |
| 23:26 | Queue | Villager (Male) |
| 23:29 | Queue | Battering Ram |
| 23:29 | Queue | Knight |
| 24:04 | Queue | Villager (Male) |
| 24:06 | Queue | Mangonel |
| 24:13 | Build | Lumber Camp |
| 24:17 | Build | Palisade Wall |
| 24:22 | Queue | Villager (Male) |
| 24:28 | Build | House |
| 24:28 | Build | House |
| 24:49 | Queue | Battering Ram |
| 25:31 | Queue | Villager (Male) |
| 25:33 | Queue | Knight |
| 25:56 | Queue | Battering Ram |
| 25:57 | Queue | Villager (Male) |
| 26:01 | Build | Lumber Camp |
| 26:02 | Queue | Villager (Male) |
| 26:13 | Build | Castle |
| 26:36 | Queue | Knight |
| 27:06 | Queue | Villager (Male) |
| 27:21 | Queue | Villager (Male) |
| 27:30 | Queue | Mangonel |
| 27:33 | Queue | Villager (Male) |
| 27:42 | Build | Stable |
| 27:43 | Queue | Knight |
| 27:45 | Research | Bloodlines |
| 27:49 | Queue | Villager (Male) |
| 28:06 | Queue | Knight |
| 28:13 | Build | Stable |
| 28:18 | Queue | Knight |
| 28:19 | Research | Husbandry |
| 28:30 | Queue | Knight |
| 28:50 | Queue | Knight |
| 28:50 | Queue | Knight |
| 29:23 | Queue | Battering Ram |
Match timeline
| 4:32 | 帝国的铁汉 · first_building Barracks |
| 4:43 | IWUDJA · wall_segment Palisade Wall x1 |
| 4:56 | IWUDJA · wall_segment Palisade Wall x1 |
| 5:35 | IWUDJA · wall_segment Palisade Wall x2 |
| 5:52 | IWUDJA · wall_segment Palisade Wall x3 |
| 5:54 | IWUDJA · wall_segment Palisade Wall x2 |
| 6:11 | IWUDJA · wall_segment Palisade Wall x9 |
| 7:31 | IWUDJA · wall_segment Palisade Wall x1 |
| 7:33 | IWUDJA · wall_segment Palisade Wall x1 |
| 7:35 | IWUDJA · wall_segment Palisade Wall x1 |
| 7:35 | IWUDJA · wall_segment Palisade Wall x1 |
| 7:36 | IWUDJA · wall_segment Palisade Wall x1 |
| 7:37 | IWUDJA · wall_segment Palisade Wall x1 |
| 11:06 | IWUDJA · wall_segment Palisade Wall x1 |
| 11:08 | IWUDJA · wall_segment Palisade Wall x1 |
| 11:17 | IWUDJA · age_up feudal |
| 12:14 | IWUDJA · wall_segment Palisade Wall x1 |
| 12:35 | IWUDJA · wall_segment Palisade Wall x1 |
| 13:14 | 帝国的铁汉 · age_up feudal |
| 13:16 | IWUDJA · first_market_sell 100 stone |
| 13:22 | IWUDJA · wall_segment Palisade Wall x1 |
| 13:24 | IWUDJA · wall_segment Palisade Wall x1 |
| 13:33 | 帝国的铁汉 · first_building Stable |
| 13:37 | IWUDJA · first_market_buy 100 food |
| 14:00 | IWUDJA · wall_segment Palisade Wall x1 |
| 14:08 | IWUDJA · wall_segment Palisade Wall x1 |
| 14:34 | 帝国的铁汉 · wall_segment Palisade Wall x1 |
| 14:37 | 帝国的铁汉 · wall_segment Palisade Wall x1 |
| 14:56 | 帝国的铁汉 · wall_segment Palisade Wall x12 |
| 15:29 | 帝国的铁汉 · wall_segment Palisade Wall x1 |
| 16:23 | IWUDJA · age_up castle |
| 16:40 | 帝国的铁汉 · age_up castle |
| 16:42 | 帝国的铁汉 · first_building Siege Workshop |
| 17:13 | IWUDJA · first_building Castle |
| 17:36 | IWUDJA · wall_segment Palisade Wall x1 |
| 17:40 | IWUDJA · wall_segment Palisade Wall x1 |
| 18:47 | IWUDJA · wall_segment Palisade Wall x1 |
| 18:57 | IWUDJA · wall_segment Palisade Wall x1 |
| 18:59 | IWUDJA · wall_segment Palisade Wall x1 |
| 20:27 | IWUDJA · wall_segment Palisade Wall x1 |
| 21:06 | IWUDJA · first_building Monastery |
| 21:37 | IWUDJA · wall_segment Palisade Wall x1 |
| 24:17 | 帝国的铁汉 · wall_segment Palisade Wall x1 |
| 26:13 | 帝国的铁汉 · first_building Castle |
| 33:47 | 帝国的铁汉 · wall_segment Palisade Wall x9 |
| 36:09 | 帝国的铁汉 · first_building Monastery |
| 40:09 | IWUDJA · wall_segment Palisade Wall x1 |
| 40:12 | IWUDJA · wall_segment Palisade Wall x1 |
| 40:39 | IWUDJA · resign |
[ AI ANALYSIS · 1 CREDIT ]
What really happened in this match?
Wolo.gg analyzes every decision: build order, eco, micro, common mistakes by bracket. Personalized analysis on WhatsApp or Discord in 30 seconds.
Civ guide
Portuguese
Perfil
Jugador #5566911